 Dungeon Crawl Stone Soup version 0.29.1-4-g47bece8355 (webtiles) character file.

Game seed: 1204440983536756213

30 safid the Shooter (level 3, 0/31 HPs)
             Began as a Minotaur Hunter on Dec 1, 2022.
             Slain by a kobold
             ... wielding a +0 whip
              (3 damage)
             ... on level 1 of the Dungeon.
             The game lasted 00:00:58 (657 turns).

safid the Shooter (Minotaur Hunter)                  Turns: 657, Time: 00:00:58

Health: 0/31       AC:  3    Str: 15    XL:     3   Next: 5%
Magic:  2/2        EV: 12    Int:  6    God:
Gold:   71         SH:  0    Dex: 15    Spells: 2/2 levels left

rFire   . . .      SeeInvis .   a - +0 shortbow
rCold   . . .      Faith    .   (shield currently unavailable)
rNeg    . . .      Spirit   .   c - +0 leather armour
rPois   .          Reflect  .   (helmet restricted)
rElec   .          Harm     .   (no cloak)
rCorr   .          Rampage  .   (no gloves)
Will    .....                   (no boots)
Stlth   +.........              (no amulet)
HPRegen 0.10/turn               (no ring)
MPRegen 0.08/turn               (no ring)

@: no status effects
A: horns 2, retaliatory headbutt
a: no special abilities


You were on level 1 of the Dungeon.
You visited 1 branch of the dungeon, and saw 2 of its levels.

You collected 71 gold pieces.

Inventory:

Hand Weapons
 a - a +0 shortbow (weapon)
Armour
 c - a +0 leather armour (worn)
Jewellery
 f - a +6 ring of strength
Scrolls
 b - a scroll of immolation
 d - a scroll of torment {unknown}
 g - 3 scrolls of teleportation {unknown}
 j - a scroll of identify {unknown}
 l - a scroll of vulnerability {unknown}
Potions
 e - 2 potions of mutation {unknown}
 h - a potion of resistance {unknown}
 i - a potion of might {unknown}
 k - 2 potions of heal wounds {unknown}


   Skills:
 + Level 3.5 Fighting
 + Level 5.0 Ranged Weapons
 - Level 2.1 Dodging
 - Level 0.7 Stealth


You had 2 spell levels left.
You didn't know any spells.
Your spell library contained the following spells:

 Spells                   Type           Power      Damage    Failure   Level
 Sublimation of Blood     Necr           0%         N/A       67%         2
 Summon Guardian Golem    Hex/Summ       0%         N/A       88%         3
 Petrify                  Tmut/Erth      0%         N/A       99%         4
 Irradiate                Conj/Tmut      0%         3d11      100%        5
 Orb of Destruction       Conj           0%         9d5       100%        7
 Spellforged Servitor     Conj/Summ      0%         N/A       100%        7


Dungeon Overview and Level Annotations

Branches:
Dungeon (2/15)

Altars:


Innate Abilities, Weirdness & Mutations

You have a pair of horns on your head.
You reflexively headbutt those who attack you in melee.


Message History

The gnoll barely misses you. You furiously retaliate!
You headbutt the gnoll. The endoplasm freezes you.
You are frozen.
There is a stone staircase leading up here.
The gnoll closely misses you. The endoplasm hits you.
The kobold closely misses you.
You climb upwards.
There is a stone staircase leading down here.
Unknown command.
You shoot an arrow. The arrow closely misses the gnoll.
The gnoll hits you with a +0 club. The endoplasm freezes you.
You are frozen.
The kobold hits you with a +0 whip.
* * * LOW HITPOINT WARNING * * *
You are too injured to fight recklessly!
You are too injured to fight recklessly!
You are too injured to fight recklessly!
You are too injured to fight recklessly!
Unknown command.
Fire: a) +0 shortbow
Press: ? - help, Q - select action Shift-Dir - straight line, f/p - gnoll
Aim: a gnoll, wielding a +0 club (lightly wounded, 65% to hit)
You shoot an arrow. The arrow hits the gnoll.
The gnoll is moderately wounded.
The gnoll closely misses you. You furiously retaliate!
You headbutt the gnoll! The endoplasm closely misses you.
The kobold barely misses you.
Fire: a) +0 shortbow
Press: ? - help, Q - select action Shift-Dir - straight line, f/p - gnoll
Aim: a gnoll, wielding a +0 club (severely wounded, 65% to hit)
You shoot an arrow. The arrow barely misses the gnoll.
The gnoll hits you with a +0 club.
* * * LOW HITPOINT WARNING * * *
The endoplasm barely misses you. The kobold hits you with a +0 whip.
* * * LOW HITPOINT WARNING * * *
The gnoll hits you with a +0 club.
* * * LOW HITPOINT WARNING * * *
The endoplasm misses you. You furiously retaliate!
You headbutt the endoplasm!
You kill the endoplasm!
The kobold hits you with a +0 whip.
You die...

#......#...#............#
.......###...##.#...#.#.#
.###'###
##...........#######
.###.#
#.....###.....#...#
.....#
###......####.#.#.#
###### #.)###.# #.#.#.#
#...##.# #...#.# #...##.#
#####.# #..g@#.# #.#
#_..K#.# #.# ##.#...#
#.#### #.######## #....#
#........# ####.#
########.########.#
#.......##.# #######.##.#
#.##[#


You could see a gnoll and a kobold.

Vanquished Creatures
  3 dart slugs (D:1)
  2 ball pythons (D:1)
  4 endoplasms (D:1)
  2 hobgoblins (D:1)
  3 jackals (D:1)
  A kobold (D:1)
  A quokka (D:1)
  A bat (D:1)
  A frilled lizard (D:1)
  3 goblins (D:1)
  2 rats (D:1)
23 creatures vanquished.

Notes
Turn   | Place    | Note
-------+----------+-------------------------------------------
     0 | D:1      | safid the Minotaur Hunter began the quest for the Orb.
     0 | D:1      | Reached XP level 1. HP: 18/18 MP: 0/0
    66 | D:1      | Found a faded altar of an unknown god.
   133 | D:1      | Reached XP level 2. HP: 21/25 MP: 1/1
   432 | D:1      | Reached skill level 5 in Ranged Weapons
   432 | D:1      | Reached XP level 3. HP: 31/31 MP: 2/2
   657 | D:1      | Slain by a kobold

Illustrated notes

Levels and vault maps discovered:
D:1:      minmay_arrival_doors, layout_basic, basic_ecumenical_altar,
          minmay_hexomino_f4
D:2:      layout_rooms

Skill      XL: |  1  2 |
---------------+-------+-----
Fighting       | 3 |  3.5
Ranged Weapons | 5 |  5.0
Dodging        | |  2.1
Stealth        | |  0.7

Action                   || total
-------------------------++-------
 Fire: Shortbow          ||    57
Armor: Leather armour    ||     6
Dodge: Dodged            ||    22
